Lightning vs Flames
Created - December 18, 2023 at 19:31
Goals
|
| Lightning |
0 |
1 |
0 |
1 |
| Flames |
1 |
2 |
2 |
5 |
|
Shots
|
| Lightning |
12 |
11 |
7 |
30 |
| Flames |
16 |
12 |
7 |
35 |
|
1st period
1. Flames , Erik Johnson 5 (Patrik Berglund 12, Christopher Gibson) at 16:14 (PP)
Penalties :
Tyler Kennedy (T.B) for Kneeing (Minor) at 15:06, John Carlson (T.B) for Goalie Interference (Minor) at 16:59
2nd period
2. Flames , Brad Marchand 11 (Eric Staal 19) at 3:32
3. Flames , Patrik Berglund 13 (David Savard 1, Jimmy Hayes 20) at 4:54
4. Lightning , Alex Killorn 5 (Jesper Fast 1, Shayne Gostisbehere 13) at 16:39
Penalties :
Jimmy Vesey (T.B) for Boarding (Minor) at 4:57, Jake DeBrusk (Cal) for Tripping (Minor) at 8:00, Jack Roslovic (T.B) for Hooking (Minor) at 11:32
3rd period
5. Flames , Jimmy Hayes 5 (Christian Folin 10, Patrik Berglund 13) at 1:04
6. Flames , Bryan Rust 9 (Christian Folin 11, Brad Marchand 12) at 3:00
Penalties :
Yanni Gourde (T.B) for Tripping (Minor) at 7:08
Goalie Stats
Alex Nedeljkovic (T.B), 30 saves from 35 shots - (0.857), L, 12-11-1, 60:00 minutes
Christopher Gibson (Cal), 29 saves from 30 shots - (0.967), W, 11-4-0, 60:00 minutes
Players Stats for Lightning
Player Name G A P +/- PIM S H SB GA TA FO MP PP MP PK MP
------------------------------------------------------------------------------------
Alex Killorn 1 0 1 0 0 1 3 0 0 0 0/0 10:37 0:00 1:50
Anthony Cirelli 0 0 0 -1 0 0 2 2 0 0 1/1 16:16 0:56 2:32
Brendan Lemieux 0 0 0 -2 0 1 2 0 0 1 0/1 22:25 1:03 4:39
Brock Boeser 0 0 0 -1 0 2 0 0 0 1 0/1 13:44 0:56 0:00
Jack Roslovic 0 0 0 -1 2 6 0 1 1 0 5/10 15:04 0:56 0:50
Jakob Chychrun 0 0 0 -3 0 1 1 3 0 1 0/0 15:59 0:53 0:39
Jesper Fast 0 1 1 0 0 1 3 0 0 0 0/0 8:45 0:00 0:00
Jimmy Vesey 0 0 0 0 2 1 0 0 0 1 0/0 10:40 0:00 0:00
John Carlson 0 0 0 -1 2 4 2 2 0 0 0/0 26:53 0:53 3:39
Kasperi Kapanen 0 0 0 -2 0 2 0 0 0 0 1/2 17:10 1:03 0:00
Michael Kostka 0 0 0 0 0 3 0 2 1 0 0/0 23:42 0:00 4:31
Noah Hanifin 0 0 0 -2 0 0 1 1 0 0 0/0 11:56 0:00 0:30
Patrice Bergeron 0 0 0 0 0 1 0 0 0 0 0/6 8:56 0:00 0:09
Sam Bennett 0 0 0 0 0 1 1 0 0 0 1/4 13:07 0:04 2:23
Shayne Gostisbehere 0 1 1 0 0 0 0 0 0 2 0/0 20:58 1:06 4:33
Tyler Kennedy 0 0 0 0 2 1 0 0 0 1 0/1 13:12 0:00 2:05
Victor Hedman 0 0 0 0 0 0 2 1 1 0 0/0 20:36 1:06 4:16
Yanni Gourde 0 0 0 -2 2 5 2 1 0 2 9/27 20:51 0:59 3:40
Players Stats for Flames
Player Name G A P +/- PIM S H SB GA TA FO MP PP MP PK MP
------------------------------------------------------------------------------------
Anders Lee 0 0 0 -1 0 1 0 0 0 0 2/2 10:16 0:29 0:26
Brad Marchand 1 1 2 2 0 4 1 0 1 0 1/3 18:38 0:12 1:00
Bryan Rust 1 0 1 2 0 2 1 1 2 0 0/1 18:07 0:12 0:33
Christian Folin 0 2 2 2 0 0 3 1 0 1 0/0 20:06 4:11 0:51
Colby Robak 0 0 0 0 0 2 1 0 0 0 0/0 13:22 0:00 0:51
Colin Wilson 0 0 0 0 0 0 2 0 0 0 5/8 9:44 0:00 0:00
David Savard 0 1 1 0 0 3 1 0 0 0 0/0 12:27 0:00 0:00
David Ullstrom 0 0 0 -1 0 2 2 0 0 0 0/0 9:17 0:00 0:33
Eric Staal 0 1 1 2 0 1 3 0 0 0 20/26 21:32 4:24 0:26
Erik Johnson 1 0 1 1 0 3 4 1 0 0 0/0 27:27 4:53 1:08
Esa Lindell 0 0 0 2 0 0 2 3 1 0 0/0 19:11 4:11 0:00
Jake DeBrusk 0 0 0 0 2 0 0 0 0 1 1/1 13:51 4:12 0:00
Jimmy Hayes 1 1 2 2 0 4 2 1 0 0 0/0 17:51 4:40 0:00
Kevin Labanc 0 0 0 0 0 4 3 0 2 1 0/0 13:48 4:12 0:00
Kyle Palmieri 0 0 0 -1 0 1 0 0 0 0 0/0 8:44 0:00 0:00
Patrik Berglund 1 2 3 2 0 3 2 0 0 0 7/11 18:21 4:11 1:00
Sami Vatanen 0 0 0 1 0 0 2 0 3 0 0/0 27:27 4:53 1:08
Tanner Pearson 0 0 0 2 0 5 0 0 0 0 0/1 17:51 4:40 0:00
3 Stars
1 - Patrik Berglund (Cal)
2 - Jimmy Hayes (Cal)
3 - Brad Marchand (Cal)
Power Play
Lightning - 0 on 1 Attempt(s) - 0.00%
Flames - 1 on 5 Attempt(s) - 20.00%
Penalty Kill
Lightning - 4 on 5 Attempt(s) - 80.00%
- Score 0 goal in Penalty Kill
Flames - 1 on 1 Attempt(s) - 100.00%
- Score 0 goal in Penalty Kill
Team Stat
Lightning - Hits : 19 - Faceoff Wins : 17 - Blocked Shots : 13 - Penalty Minutes : 10
Flames - Hits : 29 - Faceoff Wins : 36 - Blocked Shots : 7 - Penalty Minutes : 2
Official
Referees : Dan Kelly and Jon McIsaac
Linesman : Bevan Mills and Ryan Daisy
Game Notes
No Game Note
Finance
Level 1 -- Attendance: 5461 (91.02%) -- Ticket Income $546,100
Level 2 -- Attendance: 4778 (95.56%) -- Ticket Income $286,680
Level 3 -- Attendance: 2000 (100.00%) -- Ticket Income $70,000
Level 4 -- Attendance: 4000 (100.00%) -- Ticket Income $100,000
Luxury Box -- Attendance: 1000 (100.00%) -- Ticket Income $200,000
Game was played at the Scotiabank Saddledome.
Total Attendance: 17239 (95.77%)
Total Ticket Income: $1,202,780
Other Income: $180,417
Total Income: $1,383,197
Lightning
5 vs 5 Forward
Center Left Wing Right Wing Time % Phy DF OF
1 Yanni Gourde Brendan Lemieux Kasperi Kapanen 40 1 2 2
2 Jack Roslovic Anthony Cirelli Brock Boeser 30 1 2 2
3 Sam Bennett Jimmy Vesey Tyler Kennedy 20 1 2 2
4 Patrice Bergeron Alex Killorn Jesper Fast 10 1 2 2
5 vs 5 Defense
Defense Defense Time % Phy DF OF
1 John Carlson Michael Kostka 40 1 2 2
2 Victor Hedman Shayne Gostisbehere 30 1 2 2
3 Noah Hanifin Jakob Chychrun 20 1 2 2
4 John Carlson Jakob Chychrun 10 1 2 2
PowerPlay Forward
Center Left Wing Right Wing Time % Phy DF OF
1 Yanni Gourde Brendan Lemieux Kasperi Kapanen 60 1 2 2
2 Jack Roslovic Anthony Cirelli Brock Boeser 40 1 2 2
PowerPlay Defense
Defense Defense Time % Phy DF OF
1 John Carlson Jakob Chychrun 60 1 2 2
2 Victor Hedman Shayne Gostisbehere 40 1 2 2
Penalty Kill 4 Players Forward
Center Wing Time % Phy DF OF
1 Yanni Gourde Brendan Lemieux 60 1 2 2
2 Sam Bennett Anthony Cirelli 40 1 2 2
Penalty Kill 4 Players Defense
Defense Defense Time % Phy DF OF
1 John Carlson Michael Kostka 60 1 2 2
2 Victor Hedman Shayne Gostisbehere 40 1 2 2
Penalty Kill - 3 Players Forward
Forward Time % Phy DF OF
1 Yanni Gourde 60 1 2 2
2 Sam Bennett 40 1 2 2
Penalty Kill - 3 Players Defense
Defense Defense Time % Phy DF OF
1 John Carlson Michael Kostka 60 1 2 2
2 Victor Hedman Shayne Gostisbehere 40 1 2 2
4 vs 4 Forward
Center Wing Time % Phy DF OF
1 Yanni Gourde Brendan Lemieux 60 1 2 2
2 Jack Roslovic Kasperi Kapanen 40 1 2 2
4 vs 4 Defense
Defense Defense Time % Phy DF OF
1 John Carlson Michael Kostka 60 1 2 2
2 Victor Hedman Shayne Gostisbehere 40 1 2 2
Last Minutes Offensive
Center Left Wing Right Wing Defense Defense
Yanni Gourde Brendan Lemieux Kasperi Kapanen John Carlson Jakob Chychrun
Last Minutes Defensive
Center Left Wing Right Wing Defense Defense
Yanni Gourde Brendan Lemieux Kasperi Kapanen John Carlson Michael Kostka
Goaltenders
Starting : Alex Nedeljkovic
Backup : Marc-André Fleury
Extra Forwards
Normal : Sam Bennett, Jack Roslovic, Tyler Kennedy - PP : Sam Bennett, Jack Roslovic - PK : Tyler Kennedy
Extra Defensemen
Normal : Noah Hanifin, Jakob Chychrun, Victor Hedman - PP : Noah Hanifin - PK : Jakob Chychrun, Victor Hedman
Penalty Shots
Yanni Gourde, Brendan Lemieux, Kasperi Kapanen, Patrice Bergeron, Sam Bennett
Custom OT Lines Forwards
Yanni Gourde, Brendan Lemieux, Kasperi Kapanen, Patrice Bergeron, Sam Bennett, Jimmy Vesey, Jack Roslovic, Brock Boeser, Tyler Kennedy, Jesper Fast
Custom OT Lines Defensemen
John Carlson, Michael Kostka, Victor Hedman, Shayne Gostisbehere, Noah Hanifin
Scratches
None
Flames
5 vs 5 Forward
Center Left Wing Right Wing Time % Phy DF OF
1 Eric Staal Brad Marchand Bryan Rust 40 1 2 2
2 Patrik Berglund Tanner Pearson Jimmy Hayes 30 1 2 2
3 Colin Wilson Jake DeBrusk Kevin Labanc 20 1 2 2
4 Anders Lee David Ullstrom Kyle Palmieri 10 1 2 2
5 vs 5 Defense
Defense Defense Time % Phy DF OF
1 Erik Johnson Sami Vatanen 40 1 2 2
2 Esa Lindell Christian Folin 30 1 2 2
3 Colby Robak David Savard 20 1 2 2
4 Erik Johnson Sami Vatanen 10 1 2 2
PowerPlay Forward
Center Left Wing Right Wing Time % Phy DF OF
1 Eric Staal Tanner Pearson Jimmy Hayes 60 1 1 3
2 Patrik Berglund Jake DeBrusk Kevin Labanc 40 1 1 3
PowerPlay Defense
Defense Defense Time % Phy DF OF
1 Erik Johnson Sami Vatanen 60 1 1 3
2 Esa Lindell Christian Folin 40 1 1 3
Penalty Kill 4 Players Forward
Center Wing Time % Phy DF OF
1 Patrik Berglund Brad Marchand 60 1 2 2
2 Eric Staal Bryan Rust 40 1 2 2
Penalty Kill 4 Players Defense
Defense Defense Time % Phy DF OF
1 Erik Johnson Sami Vatanen 60 1 2 2
2 Colby Robak Christian Folin 40 1 2 2
Penalty Kill - 3 Players Forward
Forward Time % Phy DF OF
1 Eric Staal 60 1 2 2
2 Patrik Berglund 40 1 2 2
Penalty Kill - 3 Players Defense
Defense Defense Time % Phy DF OF
1 Erik Johnson Sami Vatanen 60 1 2 2
2 Colby Robak Christian Folin 40 1 2 2
4 vs 4 Forward
Center Wing Time % Phy DF OF
1 Eric Staal Bryan Rust 60 1 2 2
2 Patrik Berglund Brad Marchand 40 1 2 2
4 vs 4 Defense
Defense Defense Time % Phy DF OF
1 Erik Johnson Sami Vatanen 60 1 2 2
2 Esa Lindell Christian Folin 40 1 2 2
Last Minutes Offensive
Center Left Wing Right Wing Defense Defense
Eric Staal Brad Marchand Bryan Rust Erik Johnson Sami Vatanen
Last Minutes Defensive
Center Left Wing Right Wing Defense Defense
Eric Staal Brad Marchand Bryan Rust Erik Johnson Sami Vatanen
Goaltenders
Starting : Christopher Gibson
Backup : Henrik Lundqvist
Extra Forwards
Normal : Tanner Pearson, Jimmy Hayes, Patrik Berglund - PP : Jake DeBrusk, Anders Lee - PK : Bryan Rust
Extra Defensemen
Normal : Colby Robak, Esa Lindell, Christian Folin - PP : Esa Lindell - PK : Christian Folin, David Savard
Penalty Shots
Eric Staal, Tanner Pearson, Jimmy Hayes, Kyle Palmieri, Patrik Berglund
Custom OT Lines Forwards
Eric Staal, Tanner Pearson, Patrik Berglund, Jimmy Hayes, Bryan Rust, Brad Marchand, Colin Wilson, Jake DeBrusk, Kevin Labanc, Kyle Palmieri
Custom OT Lines Defensemen
Erik Johnson, Sami Vatanen, Christian Folin, Esa Lindell, Colby Robak
Scratches
Chris Brown (Healthy), Mathieu Brodeur (Healthy), Matthew Nieto (Healthy), Victor Rask (Healthy)
% Time on Ice - Lightning
Lines # - Real PCT - Wanted PCT - Time Play
Normal Forward
1 - 34% - 40% - 16:45
2 - 26% - 30% - 12:48
3 - 22% - 20% - 10:39
4 - 18% - 10% - 8:45
Normal Defense
1 - 40% - 40% - 19:32
2 - 31% - 30% - 15:14
3 - 22% - 20% - 10:42
4 - 7% - 10% - 3:29
PP Forward
1 - 53% - 60% - 1:03
2 - 47% - 40% - 0:56
PP Defense
1 - 45% - 60% - 0:53
2 - 55% - 40% - 1:06
PK Forward
1 - 74% - 60% - 6:41
2 - 26% - 40% - 2:23
PK Defense
1 - 55% - 60% - 5:01
2 - 45% - 40% - 4:03
PK3 Forward
1 - 0% - 60%
2 - 0% - 40%
PK3 Defense
1 - 0% - 60%
2 - 0% - 40%
44 Forward
1 - 0% - 60%
2 - 0% - 40%
44 Defense
1 - 0% - 60%
2 - 0% - 40%
Last Minute Offensive - 0:00
Last Minute Defensive - 0:00
Total
Forward - 60:00
Defense - 60:00
|
% Time on Ice - Flames
Lines # - Real PCT - Wanted PCT - Time Play
Normal Forward
1 - 36% - 40% - 17:35
2 - 27% - 30% - 13:08
3 - 19% - 20% - 9:30
4 - 18% - 10% - 8:44
Normal Defense
1 - 40% - 40% - 19:22
2 - 31% - 30% - 15:04
3 - 25% - 20% - 12:27
4 - 4% - 10% - 2:04
PP Forward
1 - 54% - 60% - 4:52
2 - 46% - 40% - 4:12
PP Defense
1 - 54% - 60% - 4:53
2 - 46% - 40% - 4:11
PK Forward
1 - 78% - 60% - 1:33
2 - 22% - 40% - 0:26
PK Defense
1 - 57% - 60% - 1:08
2 - 43% - 40% - 0:51
PK3 Forward
1 - 0% - 60%
2 - 0% - 40%
PK3 Defense
1 - 0% - 60%
2 - 0% - 40%
44 Forward
1 - 0% - 60%
2 - 0% - 40%
44 Defense
1 - 0% - 60%
2 - 0% - 40%
Last Minute Offensive - 0:00
Last Minute Defensive - 0:00
Total
Forward - 60:00
Defense - 60:00
|
Play-by-Play
1st period
0:01 of 1st period - Yanni Gourde wins face-off versus Brad Marchand in neutral zone.
0:14 of 1st period - Wrist shot by Kasperi Kapanen.
0:14 of 1st period - Stopped by Christopher Gibson with a rebound.
0:22 of 1st period - John Carlson is hit by Eric Staal and loses puck.
0:41 of 1st period - Slapshot by Jack Roslovic.
0:41 of 1st period - Stopped by Christopher Gibson with a rebound.
0:43 of 1st period - Snap shot by John Carlson.
0:43 of 1st period - Stopped by Christopher Gibson with a rebound.
0:45 of 1st period - Slapshot by Michael Kostka.
0:45 of 1st period - Shot Misses the Net.
0:47 of 1st period - Slapshot by Michael Kostka.
0:47 of 1st period - Stopped by Christopher Gibson without a rebound.
0:48 of 1st period - Colin Wilson wins face-off versus Sam Bennett in Flames zone.
1:01 of 1st period - Snap shot by Kevin Labanc.
1:01 of 1st period - Stopped by Alex Nedeljkovic without a rebound.
1:02 of 1st period - Anders Lee wins face-off versus Patrice Bergeron in Lightning zone.
2:01 of 1st period - Snap shot by Tyler Kennedy.
2:01 of 1st period - Stopped by Christopher Gibson with a rebound.
2:03 of 1st period - Snap shot by Sam Bennett.
2:03 of 1st period - Stopped by Christopher Gibson without a rebound.
2:04 of 1st period - Anthony Cirelli wins face-off versus Colin Wilson in Flames zone.
2:05 of 1st period - Backhand shot by Jack Roslovic.
2:05 of 1st period - Stopped by Christopher Gibson without a rebound.
2:06 of 1st period - Jack Roslovic wins face-off versus Colin Wilson in Flames zone.
2:07 of 1st period - Snap shot by Brock Boeser.
2:07 of 1st period - Shot Misses the Net.
3:01 of 1st period - Wrist shot by Tanner Pearson.
3:01 of 1st period - Stopped by Alex Nedeljkovic without a rebound.
3:02 of 1st period - Jack Roslovic wins face-off versus Tanner Pearson in Lightning zone.
3:29 of 1st period - Brendan Lemieux is hit by Erik Johnson and loses puck.
3:34 of 1st period - Snap shot by Eric Staal.
3:34 of 1st period - Shot Blocked by John Carlson.
3:50 of 1st period - Snap shot by Colin Wilson.
3:50 of 1st period - Shot Misses the Net.
4:16 of 1st period - Victor Hedman is hit by David Ullstrom and loses puck.
5:21 of 1st period - Michael Kostka is hit by David Savard and loses puck.
5:58 of 1st period - Kyle Palmieri is hit by Noah Hanifin and loses puck.
6:19 of 1st period - Backhand shot by David Ullstrom.
6:19 of 1st period - Stopped by Alex Nedeljkovic with a rebound.
6:21 of 1st period - Snap shot by David Ullstrom.
6:21 of 1st period - Shot Misses the Net.
6:23 of 1st period - Wrist shot by Colby Robak.
6:23 of 1st period - Shot Blocked by Anthony Cirelli.
6:25 of 1st period - Snap shot by David Ullstrom.
6:25 of 1st period - Stopped by Alex Nedeljkovic with a rebound.
6:27 of 1st period - Slapshot by David Savard.
6:27 of 1st period - Deflect By Anthony Cirelli.
6:27 of 1st period - Stopped by Alex Nedeljkovic with a rebound.
6:29 of 1st period - Snap shot by Colby Robak.
6:29 of 1st period - Stopped by Alex Nedeljkovic with a rebound.
6:31 of 1st period - Wrist shot by David Ullstrom.
6:31 of 1st period - Shot Misses the Net.
6:33 of 1st period - Wrist shot by Colby Robak.
6:33 of 1st period - Stopped by Alex Nedeljkovic with a rebound.
6:35 of 1st period - Slapshot by David Savard.
6:35 of 1st period - Deflect By Brock Boeser.
6:35 of 1st period - Stopped by Alex Nedeljkovic with a rebound.
6:55 of 1st period - Snap shot by Anders Lee.
6:55 of 1st period - Stopped by Alex Nedeljkovic with a rebound.
7:03 of 1st period - Snap shot by Kyle Palmieri.
7:03 of 1st period - Stopped by Alex Nedeljkovic without a rebound.
7:04 of 1st period - Eric Staal wins face-off versus Yanni Gourde in Lightning zone.
7:52 of 1st period - Wrist shot by Kevin Labanc.
7:52 of 1st period - Stopped by Alex Nedeljkovic with a rebound.
7:54 of 1st period - Snap shot by Jake DeBrusk.
7:54 of 1st period - Deflect By Kevin Labanc.
7:54 of 1st period - Shot Misses the Net.
7:54 of 1st period - Puck is out of play.
7:55 of 1st period - Colin Wilson wins face-off versus Patrice Bergeron in Lightning zone.
8:11 of 1st period - Off-side.
8:12 of 1st period - Eric Staal wins face-off versus Yanni Gourde in neutral zone.
8:49 of 1st period - Snap shot by Tanner Pearson.
8:49 of 1st period - Deflect By Patrik Berglund.
8:49 of 1st period - Stopped by Alex Nedeljkovic with a rebound.
8:51 of 1st period - Slapshot by Erik Johnson.
8:51 of 1st period - Stopped by Alex Nedeljkovic without a rebound.
8:52 of 1st period - Colin Wilson wins face-off versus Yanni Gourde in Lightning zone.
9:19 of 1st period - Anthony Cirelli is hit by Bryan Rust and loses puck.
9:38 of 1st period - Snap shot by Sam Bennett.
9:38 of 1st period - Shot Blocked by Erik Johnson.
9:46 of 1st period - Wrist shot by Tyler Kennedy.
9:46 of 1st period - Shot Misses the Net.
10:47 of 1st period - Brock Boeser is hit by Erik Johnson and loses puck.
11:43 of 1st period - Jake DeBrusk is hit by Victor Hedman and loses puck.
12:29 of 1st period - Noah Hanifin is hit by Jimmy Hayes and loses puck.
12:46 of 1st period - Snap shot by Jakob Chychrun.
12:46 of 1st period - Stopped by Christopher Gibson with a rebound.
12:48 of 1st period - Wrist shot by Anthony Cirelli.
12:48 of 1st period - Shot Misses the Net.
13:06 of 1st period - Snap shot by Patrice Bergeron.
13:06 of 1st period - Shot Misses the Net.
13:08 of 1st period - Slapshot by John Carlson.
13:08 of 1st period - Shot Misses the Net.
13:12 of 1st period - Snap shot by Jesper Fast.
13:12 of 1st period - Deflect By Patrice Bergeron.
13:12 of 1st period - Stopped by Christopher Gibson without a rebound.
13:13 of 1st period - Eric Staal wins face-off versus Yanni Gourde in Flames zone.
13:47 of 1st period - Snap shot by Jack Roslovic.
13:47 of 1st period - Stopped by Christopher Gibson without a rebound.
13:48 of 1st period - Eric Staal wins face-off versus Yanni Gourde in Flames zone.
14:15 of 1st period - Brock Boeser is hit by Jimmy Hayes.
14:38 of 1st period - Erik Johnson is hit by John Carlson and loses puck.
14:59 of 1st period - Snap shot by Jimmy Vesey.
14:59 of 1st period - Shot Misses the Net.
15:06 of 1st period - Minor Penalty to Tyler Kennedy for Kneeing.
15:07 of 1st period - Yanni Gourde wins face-off versus Eric Staal in Lightning zone.
15:21 of 1st period - Snap shot by Eric Staal.
15:21 of 1st period - Deflect By Tanner Pearson.
15:21 of 1st period - Stopped by Alex Nedeljkovic without a rebound.
15:22 of 1st period - Yanni Gourde wins face-off versus Eric Staal in Lightning zone.
15:52 of 1st period - Icing by Esa Lindell.
15:53 of 1st period - Yanni Gourde wins face-off versus Patrik Berglund in Flames zone.
16:14 of 1st period - Slapshot by Erik Johnson.
16:14 of 1st period - Goal by Erik Johnson - Lightning : 0 - Flames : 1.
16:15 of 1st period - Eric Staal wins face-off versus Yanni Gourde in neutral zone.
16:59 of 1st period - Minor Penalty to John Carlson for Goalie Interference.
17:00 of 1st period - Eric Staal wins face-off versus Yanni Gourde in Lightning zone.
17:01 of 1st period - Wrist shot by Jimmy Hayes.
17:01 of 1st period - Stopped by Alex Nedeljkovic without a rebound.
17:02 of 1st period - Eric Staal wins face-off versus Yanni Gourde in Lightning zone.
18:59 of 1st period - Penalty to John Carlson is over, John Carlson is back on ice.
19:17 of 1st period - Wrist shot by Jack Roslovic.
19:17 of 1st period - Stopped by Christopher Gibson with a rebound.
19:29 of 1st period - Bryan Rust is hit by Sam Bennett and loses puck.
19:40 of 1st period - Snap shot by Jimmy Vesey.
19:40 of 1st period - Stopped by Christopher Gibson without a rebound.
19:41 of 1st period - Colin Wilson wins face-off versus Patrice Bergeron in Flames zone.
19:41 of 1st period - Colin Wilson is hit by Alex Killorn.
19:59 of 1st period - Jesper Fast is hit by Kevin Labanc and loses puck.
Goals for this period are 0 for Lightning vs 1 for Flames.
Shots for this period are 12 for Lightning vs 16 for Flames.
2nd period
0:01 of 2nd period - Eric Staal wins face-off versus Yanni Gourde in neutral zone.
0:26 of 2nd period - Michael Kostka is hit by Erik Johnson and loses puck.
0:30 of 2nd period - Icing by Michael Kostka.
0:31 of 2nd period - Jack Roslovic wins face-off versus Patrik Berglund in Lightning zone.
0:38 of 2nd period - Slapshot by Shayne Gostisbehere.
0:38 of 2nd period - Shot Blocked by Esa Lindell.
0:52 of 2nd period - Wrist shot by Patrik Berglund.
0:52 of 2nd period - Stopped by Alex Nedeljkovic with a rebound.
0:56 of 2nd period - Backhand shot by Tanner Pearson.
0:56 of 2nd period - Stopped by Alex Nedeljkovic without a rebound.
0:57 of 2nd period - Eric Staal wins face-off versus Yanni Gourde in Lightning zone.
1:44 of 2nd period - John Carlson is hit by Brad Marchand and loses puck.
2:11 of 2nd period - Wrist shot by Yanni Gourde.
2:11 of 2nd period - Shot Blocked by Bryan Rust.
2:51 of 2nd period - Slapshot by John Carlson.
2:51 of 2nd period - Stopped by Christopher Gibson with a rebound.
2:59 of 2nd period - Sami Vatanen is hit by Yanni Gourde and loses puck.
3:26 of 2nd period - Slapshot by Brad Marchand.
3:26 of 2nd period - Shot Misses the Net.
3:28 of 2nd period - Slapshot by Brad Marchand.
3:28 of 2nd period - Shot Blocked by Jakob Chychrun.
3:30 of 2nd period - Slapshot by Eric Staal.
3:30 of 2nd period - Shot Blocked by Jakob Chychrun.
3:32 of 2nd period - Snap shot by Brad Marchand.
3:32 of 2nd period - Goal by Brad Marchand - Lightning : 0 - Flames : 2.
3:33 of 2nd period - Jack Roslovic wins face-off versus Patrik Berglund in neutral zone.
3:44 of 2nd period - Snap shot by Brock Boeser.
3:44 of 2nd period - Shot Misses the Net.
3:46 of 2nd period - Slapshot by Brock Boeser.
3:46 of 2nd period - Shot Blocked by Jimmy Hayes.
3:48 of 2nd period - Wrist shot by Brock Boeser.
3:48 of 2nd period - Stopped by Christopher Gibson with a rebound.
4:07 of 2nd period - Icing by Esa Lindell.
4:08 of 2nd period - Patrik Berglund wins face-off versus Patrice Bergeron in Flames zone.
4:08 of 2nd period - Patrik Berglund is hit by Jesper Fast.
4:22 of 2nd period - Esa Lindell is hit by Jesper Fast and loses puck.
4:35 of 2nd period - Jimmy Hayes is hit by Alex Killorn and loses puck.
4:46 of 2nd period - Snap shot by Tanner Pearson.
4:46 of 2nd period - Stopped by Alex Nedeljkovic with a rebound.
4:48 of 2nd period - Snap shot by Jimmy Hayes.
4:48 of 2nd period - Stopped by Alex Nedeljkovic with a rebound.
4:50 of 2nd period - Snap shot by Jimmy Hayes.
4:50 of 2nd period - Stopped by Alex Nedeljkovic with a rebound.
4:52 of 2nd period - Slapshot by David Savard.
4:52 of 2nd period - Shot Blocked by Victor Hedman.
4:54 of 2nd period - Slapshot by Patrik Berglund.
4:54 of 2nd period - Goal by Patrik Berglund - Lightning : 0 - Flames : 3.
4:55 of 2nd period - Sam Bennett wins face-off versus Colin Wilson in neutral zone.
4:57 of 2nd period - Minor Penalty to Jimmy Vesey for Boarding.
4:58 of 2nd period - Patrik Berglund wins face-off versus Yanni Gourde in Lightning zone.
5:57 of 2nd period - Esa Lindell is hit by Victor Hedman.
6:19 of 2nd period - Anthony Cirelli is hit by Sami Vatanen and loses puck.
6:57 of 2nd period - Penalty to Jimmy Vesey is over, Jimmy Vesey is back on ice.
7:04 of 2nd period - Slapshot by Jack Roslovic.
7:04 of 2nd period - Stopped by Christopher Gibson with a rebound.
7:06 of 2nd period - Slapshot by Michael Kostka.
7:06 of 2nd period - Stopped by Christopher Gibson without a rebound.
7:07 of 2nd period - Anders Lee wins face-off versus Jack Roslovic in Flames zone.
7:14 of 2nd period - Snap shot by Colby Robak.
7:14 of 2nd period - Shot Misses the Net.
7:16 of 2nd period - Wrist shot by Anders Lee.
7:16 of 2nd period - Shot Blocked by Jack Roslovic.
8:00 of 2nd period - Minor Penalty to Jake DeBrusk for Tripping.
8:01 of 2nd period - Yanni Gourde wins face-off versus Patrik Berglund in Flames zone.
8:55 of 2nd period - Yanni Gourde is hit by Colby Robak and loses puck.
9:42 of 2nd period - Victor Hedman is hit by Sami Vatanen and loses puck.
10:00 of 2nd period - Penalty to Jake DeBrusk is over, Jake DeBrusk is back on ice.
11:03 of 2nd period - Wrist shot by Colin Wilson.
11:03 of 2nd period - Shot Misses the Net.
11:05 of 2nd period - Slapshot by Jake DeBrusk.
11:05 of 2nd period - Shot Blocked by Yanni Gourde.
11:07 of 2nd period - Slapshot by David Savard.
11:07 of 2nd period - Stopped by Alex Nedeljkovic without a rebound.
11:08 of 2nd period - Eric Staal wins face-off versus Yanni Gourde in Lightning zone.
11:13 of 2nd period - Snap shot by Eric Staal.
11:13 of 2nd period - Deflect By Bryan Rust.
11:13 of 2nd period - Stopped by Alex Nedeljkovic without a rebound.
11:14 of 2nd period - Eric Staal wins face-off versus Jack Roslovic in Lightning zone.
11:32 of 2nd period - Minor Penalty to Jack Roslovic for Hooking.
11:33 of 2nd period - Eric Staal wins face-off versus Yanni Gourde in Lightning zone.
13:32 of 2nd period - Penalty to Jack Roslovic is over, Jack Roslovic is back on ice.
14:10 of 2nd period - Wrist shot by Jesper Fast.
14:10 of 2nd period - Stopped by Christopher Gibson without a rebound.
14:11 of 2nd period - Eric Staal wins face-off versus Patrice Bergeron in Flames zone.
14:11 of 2nd period - Eric Staal is hit by Alex Killorn.
14:34 of 2nd period - Icing by Shayne Gostisbehere.
14:35 of 2nd period - Patrik Berglund wins face-off versus Jack Roslovic in Lightning zone.
15:10 of 2nd period - Wrist shot by Kevin Labanc.
15:10 of 2nd period - Stopped by Alex Nedeljkovic without a rebound.
15:11 of 2nd period - Eric Staal wins face-off versus Kasperi Kapanen in Lightning zone.
15:18 of 2nd period - Snap shot by Bryan Rust.
15:18 of 2nd period - Shot Misses the Net.
15:20 of 2nd period - Snap shot by Brad Marchand.
15:20 of 2nd period - Shot Misses the Net.
15:22 of 2nd period - Slapshot by Erik Johnson.
15:22 of 2nd period - Stopped by Alex Nedeljkovic without a rebound.
15:23 of 2nd period - Yanni Gourde wins face-off versus Eric Staal in Lightning zone.
16:15 of 2nd period - Jimmy Vesey is hit by Colin Wilson.
16:39 of 2nd period - Slapshot by Alex Killorn.
16:39 of 2nd period - Goal by Alex Killorn - Lightning : 1 - Flames : 3.
16:40 of 2nd period - Kasperi Kapanen wins face-off versus Eric Staal in neutral zone.
16:43 of 2nd period - Slapshot by John Carlson.
16:43 of 2nd period - Shot Misses the Net.
16:45 of 2nd period - Backhand shot by John Carlson.
16:45 of 2nd period - Stopped by Christopher Gibson with a rebound.
16:49 of 2nd period - Wrist shot by Yanni Gourde.
16:49 of 2nd period - Stopped by Christopher Gibson with a rebound.
16:51 of 2nd period - Wrist shot by Yanni Gourde.
16:51 of 2nd period - Deflect By Eric Staal.
16:51 of 2nd period - Stopped by Christopher Gibson without a rebound.
16:52 of 2nd period - Yanni Gourde wins face-off versus Brad Marchand in Flames zone.
17:17 of 2nd period - John Carlson is hit by Patrik Berglund and loses puck.
17:28 of 2nd period - Slapshot by Patrik Berglund.
17:28 of 2nd period - Shot Blocked by Michael Kostka.
17:30 of 2nd period - Wrist shot by Jimmy Hayes.
17:30 of 2nd period - Shot Misses the Net.
17:46 of 2nd period - Sam Bennett is hit by Christian Folin and loses puck.
18:07 of 2nd period - Slapshot by Yanni Gourde.
18:07 of 2nd period - Stopped by Christopher Gibson with a rebound.
18:31 of 2nd period - Wrist shot by Tanner Pearson.
18:31 of 2nd period - Shot Misses the Net.
18:41 of 2nd period - Slapshot by John Carlson.
18:41 of 2nd period - Deflect By Brock Boeser.
18:41 of 2nd period - Stopped by Christopher Gibson with a rebound.
19:09 of 2nd period - Snap shot by Kevin Labanc.
19:09 of 2nd period - Shot Blocked by John Carlson.
19:11 of 2nd period - Wrist shot by Kevin Labanc.
19:11 of 2nd period - Stopped by Alex Nedeljkovic with a rebound.
Goals for this period are 1 for Lightning vs 2 for Flames.
Shots for this period are 11 for Lightning vs 12 for Flames.
3rd period
0:01 of 3rd period - Eric Staal wins face-off versus Yanni Gourde in neutral zone.
0:06 of 3rd period - Wrist shot by Sami Vatanen.
0:06 of 3rd period - Deflect By Brad Marchand.
0:06 of 3rd period - Shot Hit the Post.
0:06 of 3rd period - Puck is out of play.
0:07 of 3rd period - Eric Staal wins face-off versus Yanni Gourde in Lightning zone.
0:08 of 3rd period - Snap shot by Brad Marchand.
0:08 of 3rd period - Deflect By Brendan Lemieux.
0:08 of 3rd period - Stopped by Alex Nedeljkovic without a rebound.
0:09 of 3rd period - Eric Staal wins face-off versus Yanni Gourde in Lightning zone.
0:20 of 3rd period - Brad Marchand is hit by Brendan Lemieux and loses puck.
0:46 of 3rd period - Off-side.
0:47 of 3rd period - Patrik Berglund wins face-off versus Jack Roslovic in neutral zone.
0:50 of 3rd period - Jack Roslovic is hit by Esa Lindell.
0:58 of 3rd period - Slapshot by Esa Lindell.
0:58 of 3rd period - Shot Blocked by Noah Hanifin.
1:00 of 3rd period - Snap shot by Patrik Berglund.
1:00 of 3rd period - Shot Misses the Net.
1:02 of 3rd period - Slapshot by Christian Folin.
1:02 of 3rd period - Shot Blocked by Anthony Cirelli.
1:04 of 3rd period - Wrist shot by Jimmy Hayes.
1:04 of 3rd period - Goal by Jimmy Hayes - Lightning : 1 - Flames : 4.
1:05 of 3rd period - Eric Staal wins face-off versus Yanni Gourde in neutral zone.
1:05 of 3rd period - Eric Staal is hit by Brendan Lemieux.
1:55 of 3rd period - Wrist shot by Alex Killorn.
1:55 of 3rd period - Deflect By Jesper Fast.
1:55 of 3rd period - Shot Misses the Net.
1:55 of 3rd period - Puck is out of play.
1:56 of 3rd period - Colin Wilson wins face-off versus Patrice Bergeron in Flames zone.
2:23 of 3rd period - Slapshot by Brendan Lemieux.
2:23 of 3rd period - Shot Misses the Net.
2:34 of 3rd period - Noah Hanifin is hit by Christian Folin.
2:54 of 3rd period - Wrist shot by Eric Staal.
2:54 of 3rd period - Shot Misses the Net.
2:56 of 3rd period - Snap shot by Brad Marchand.
2:56 of 3rd period - Shot Misses the Net.
2:58 of 3rd period - Snap shot by Christian Folin.
2:58 of 3rd period - Shot Misses the Net.
3:00 of 3rd period - Wrist shot by Bryan Rust.
3:00 of 3rd period - Goal by Bryan Rust - Lightning : 1 - Flames : 5.
3:01 of 3rd period - Patrik Berglund wins face-off versus Jack Roslovic in neutral zone.
3:44 of 3rd period - Brendan Lemieux is hit by Patrik Berglund.
4:24 of 3rd period - Icing by Jack Roslovic.
4:25 of 3rd period - Jack Roslovic wins face-off versus Eric Staal in Lightning zone.
4:54 of 3rd period - Slapshot by Kevin Labanc.
4:54 of 3rd period - Shot Blocked by Michael Kostka.
5:12 of 3rd period - Slapshot by Colby Robak.
5:12 of 3rd period - Shot Blocked by Jakob Chychrun.
5:26 of 3rd period - Esa Lindell is hit by Jakob Chychrun and loses puck.
5:43 of 3rd period - Victor Hedman is hit by Christian Folin and loses puck.
6:06 of 3rd period - Snap shot by Anders Lee.
6:06 of 3rd period - Deflect By Sam Bennett.
6:06 of 3rd period - Shot Misses the Net.
6:06 of 3rd period - Puck is out of play.
6:07 of 3rd period - Yanni Gourde wins face-off versus Eric Staal in Lightning zone.
6:07 of 3rd period - Yanni Gourde is hit by Eric Staal.
6:15 of 3rd period - Snap shot by Yanni Gourde.
6:15 of 3rd period - Stopped by Christopher Gibson without a rebound.
6:16 of 3rd period - Eric Staal wins face-off versus Brendan Lemieux in Flames zone.
6:39 of 3rd period - Snap shot by Eric Staal.
6:39 of 3rd period - Shot Misses the Net.
7:08 of 3rd period - Minor Penalty to Yanni Gourde for Tripping.
7:09 of 3rd period - Jake DeBrusk wins face-off versus Sam Bennett in Lightning zone.
7:23 of 3rd period - Off-side.
7:24 of 3rd period - Eric Staal wins face-off versus Tyler Kennedy in neutral zone.
9:08 of 3rd period - Penalty to Yanni Gourde is over, Yanni Gourde is back on ice.
9:49 of 3rd period - Brad Marchand is hit by Jesper Fast and loses puck.
10:51 of 3rd period - Sam Bennett is hit by Kevin Labanc and loses puck.
11:04 of 3rd period - Michael Kostka is hit by Eric Staal.
11:19 of 3rd period - Yanni Gourde is hit by David Ullstrom and loses puck.
11:40 of 3rd period - Jimmy Vesey is hit by Esa Lindell and loses puck.
13:08 of 3rd period - Wrist shot by Tanner Pearson.
13:08 of 3rd period - Stopped by Alex Nedeljkovic with a rebound.
13:10 of 3rd period - Wrist shot by Colby Robak.
13:10 of 3rd period - Deflect By Patrik Berglund.
13:10 of 3rd period - Shot Misses the Net.
13:10 of 3rd period - Puck is out of play.
13:11 of 3rd period - Yanni Gourde wins face-off versus Bryan Rust in Lightning zone.
14:23 of 3rd period - Esa Lindell is hit by Yanni Gourde and loses puck.
14:38 of 3rd period - Wrist shot by Kasperi Kapanen.
14:38 of 3rd period - Stopped by Christopher Gibson with a rebound.
15:18 of 3rd period - Slapshot by John Carlson.
15:18 of 3rd period - Stopped by Christopher Gibson with a rebound.
15:20 of 3rd period - Snap shot by Patrice Bergeron.
15:20 of 3rd period - Shot Blocked by Esa Lindell.
15:36 of 3rd period - David Ullstrom is hit by Anthony Cirelli and loses puck.
16:11 of 3rd period - Sami Vatanen is hit by John Carlson and loses puck.
16:42 of 3rd period - David Savard is hit by Anthony Cirelli and loses puck.
17:03 of 3rd period - Victor Hedman is hit by Kevin Labanc.
17:13 of 3rd period - Sam Bennett is hit by Colin Wilson.
18:01 of 3rd period - Snap shot by Jack Roslovic.
18:01 of 3rd period - Stopped by Christopher Gibson with a rebound.
18:07 of 3rd period - John Carlson is hit by Erik Johnson and loses puck.
18:18 of 3rd period - Snap shot by Michael Kostka.
18:18 of 3rd period - Stopped by Christopher Gibson with a rebound.
18:20 of 3rd period - Wrist shot by Brendan Lemieux.
18:20 of 3rd period - Shot Blocked by Christian Folin.
18:22 of 3rd period - Slapshot by Michael Kostka.
18:22 of 3rd period - Shot Blocked by Esa Lindell.
18:24 of 3rd period - Slapshot by Yanni Gourde.
18:24 of 3rd period - Shot Misses the Net.
18:26 of 3rd period - Snap shot by Yanni Gourde.
18:26 of 3rd period - Stopped by Christopher Gibson with a rebound.
18:28 of 3rd period - Slapshot by Michael Kostka.
18:28 of 3rd period - Deflect By Brendan Lemieux.
18:28 of 3rd period - Stopped by Christopher Gibson with a rebound.
18:39 of 3rd period - Off-side.
18:40 of 3rd period - Patrik Berglund wins face-off versus Sam Bennett in neutral zone.
19:37 of 3rd period - Snap shot by Brad Marchand.
19:37 of 3rd period - Stopped by Alex Nedeljkovic without a rebound.
19:38 of 3rd period - Brad Marchand wins face-off versus Yanni Gourde in Lightning zone.
19:41 of 3rd period - Slapshot by Bryan Rust.
19:41 of 3rd period - Shot Misses the Net.
19:51 of 3rd period - Slapshot by Brad Marchand.
19:51 of 3rd period - Stopped by Alex Nedeljkovic with a rebound.
19:53 of 3rd period - Snap shot by Eric Staal.
19:53 of 3rd period - Stopped by Alex Nedeljkovic without a rebound.
19:54 of 3rd period - Patrik Berglund wins face-off versus Brock Boeser in Lightning zone.
Goals for this period are 0 for Lightning vs 2 for Flames.
Shots for this period are 7 for Lightning vs 7 for Flames.